AoeStats
← Squirrel Slayer

Arabia

509489037Analyzed
2v2 RM · 6d ago on Sep 26, 2026· 34m 45s· 4 players
Game mode
Random Map
Map size
Medium (4 player)
Population
200
Speed
Normal
Resources
Standard
Victory
Conquest
Starting age
Dark Age
Ending age
Imperial Age
RankedLock teamsTeams togetherTeam positionsShared explorationLock speedFull tech treeHidden civsTurbo modeCheats
Victory
Defeat
🇵🇹 Japanese · Portugal
983
+15
🇵🇹 Spanish · Portugal
982
+15
🇨🇴 Danes · Colombia
952
-15
🇨🇴 Varangians · Colombia
951
-15
Don Rafa
2:09 Loom
9:41 Feudal Age
10:40 Double-Bit Axe
10:45 Man-at-Arms
15:47 Scale Mail Armor
17:22 Forging
22:21 Castle Age
20:10 Arson
22:11 Fletching
24:47 Wheelbarrow
24:15 Long Swordsman
24:56 Squires
26:10 Chain Mail Armor
28:04 Hand Cart
27:37 Town Watch
29:29 Horse Collar
29:43 Horse Collar
33:32 Bodkin Arrow
Squirrel Slayer
10:48 Feudal Age
11:31 Double-Bit Axe
12:59 Man-at-Arms
17:08 Horse Collar
23:20 Castle Age
22:06 Gold Mining
25:02 Forging
26:08 Bow Saw
29:36 Scale Barding Armor
29:56 Heavy Plow
Mr.Wallace
7:38 Loom
10:02 Feudal Age
18:27 Bloodlines
21:45 Castle Age
21:15 Bloodlines
21:25 Double-Bit Axe
21:57 Scale Barding Armor
22:02 Forging
22:45 Forging
30:19 Padded Archer Armor
30:41 Chain Barding Armor
30:44 Horse Collar
32:29 Bow Saw
Lad.Gromit
7:51 Loom
10:37 Feudal Age
11:43 Man-at-Arms
14:58 Double-Bit Axe
16:36 Scale Barding Armor
16:24 Fletching
17:25 Horse Collar
20:43 Wheelbarrow
24:42 Castle Age
25:03 Crossbowman
28:33 Bodkin Arrow
28:39 Padded Archer Armor
Connection lost

Rejoining the realm…

Still unreachable

The connection could not be restored.

Session expired

The server has moved on; the page needs a fresh start.